 Dungeon Crawl Stone Soup version 0.28.0-53-g5a82cb258f (webtiles) character file.

Game seed: 3275135207798607560

40 Gabide the Skirmisher (level 3, -2/29 HPs)
             Began as a Mummy Monk on June 3, 2022.
             Slain by a kobold
             ... wielding a +0 club
              (4 damage)
             ... on level 2 of the Dungeon.
             The game lasted 00:01:30 (1824 turns).

Gabide the Skirmisher (Mummy Monk)                  Turns: 1824, Time: 00:01:30

Health: -2/29      AC:  3    Str: 14    XL:     3   Next: 30%
Magic:  3/3        EV: 12    Int:  9    God:
Gold:   77         SH:  0    Dex: 16    Spells: 2/2 levels left

rFire   x . .      SeeInvis .     - Unarmed
rCold   + . .      Faith    .   (no shield)
rNeg    + + +      Spirit   .   b - +0 leather armour
rPois   ∞          Reflect  .   (no helmet)
rElec   .          Harm     .   (no cloak)
rCorr   .          Rampage  .   (no gloves)
Will    .....                   (no boots)
Stlth   ++........              (no amulet)
HPRegen 0.09/turn               (no ring)
MPRegen 0.08/turn               (no ring)

@: no status effects
A: cold resistance 1, negative energy resistance 3, torment resistance 2, heat
vulnerability 1, no potions
a: no special abilities


You were on level 2 of the Dungeon.
You visited 1 branch of the dungeon, and saw 2 of its levels.

You collected 77 gold pieces.

Inventory:

Missiles
 a - 23 stones (quivered)
Armour
 b - a +0 leather armour (worn)
Scrolls
 c - a scroll of teleportation {unknown}


   Skills:
 + Level 3.5 Fighting
 + Level 2.9 Dodging
 - Level 1.5 Stealth
 + Level 2.9 Unarmed Combat


You had 2 spell levels left.
You didn't know any spells.
Your spell library contained the following spells:

 Spells                   Type           Power      Damage    Failure   Level
 Corpse Rot               Necr/Air       0%         N/A       61%         2
 Dispel Undead            Necr           0%         3d6       99%         4
 Death Channel            Necr           0%         N/A       100%        6
 Chain Lightning          Conj/Air       0%         N/A       100%        9
 Fire Storm               Conj/Fire      0%         5d1       100%        9
 Shatter                  Erth           0%         3d5*      100%        9


Dungeon Overview and Level Annotations

Branches:
Dungeon (2/15)

Altars:


Innate Abilities, Weirdness & Mutations

You are immune to poison.
Your flesh is cold resistant. (rC+)
You are immune to negative energy. (rN+++)
You are immune to unholy pain and torment.
You are vulnerable to heat. (rF-)
You do not drink.


Message History

The adder is heavily wounded.
The adder barely misses you.
You miss the adder.
The adder is heavily wounded.
The adder barely misses you.
You miss the adder.
The adder is heavily wounded.
The adder bites you but does no damage.
You barely miss the adder.
The adder is heavily wounded.
The adder bites you. The adder bites you but does no damage.
You hit the adder.
The adder is heavily wounded.
The adder closely misses you.
You barely miss the adder.
The adder is heavily wounded.
The adder bites you.
* * * LOW HITPOINT WARNING * * *
You barely miss the adder.
The adder is heavily wounded.
The adder misses you.
You hit the adder.
The adder is severely wounded.
The adder misses you. The adder barely misses you.
You closely miss the adder.
The adder is severely wounded.
The adder bites you.
* * * LOW HITPOINT WARNING * * *
You miss the adder.
The adder is severely wounded.
The adder bites you.
* * * LOW HITPOINT WARNING * * *
You hit the adder.
You kill the adder!
You hit the kobold but do no damage. You hit the kobold but do no damage.
The kobold misses you.
You closely miss the kobold. The kobold hits you with a +0 club.
* * * LOW HITPOINT WARNING * * *
You hit the kobold but do no damage. The kobold hits you with a +0 club.
You die...

######################
....................>#
#####.##############.#
###.###### #.#
#........# #.#
#........# #.#
#........# #.#
#........#########.#
#........##..K@....#
###†.......##.########
..'........##..K......
..#........##.........
..#...)....+..........
###...)....##.........
##.###.###.###.##..=
#..............[ ..
#..##.###.###.##.. #


You could see a kobold.

Vanquished Creatures
  An adder (D:2)
  A worm (D:1)
  An endoplasm (D:2)
  2 giant cockroaches (D:1)
  4 goblins
  3 hobgoblins
  3 kobolds (D:1)
  A quokka (D:1)
  7 ball pythons
  2 bats (D:1)
  2 rats
27 creatures vanquished.

Notes
Turn   | Place    | Note
-------+----------+-------------------------------------------
     0 | D:1      | Gabide the Mummy Monk began the quest for the Orb.
     0 | D:1      | Reached XP level 1. HP: 18/18 MP: 1/1
   443 | D:1      | You fall into a shaft and drop 1 floor!
   475 | D:1      | Reached XP level 2. HP: 20/24 MP: 2/2
   529 | D:1      | Found a faded altar of an unknown god.
  1567 | D:2      | Reached XP level 3. HP: 13/29 MP: 3/3
  1824 | D:2      | Slain by a kobold

Illustrated notes

Levels and vault maps discovered:
D:1:      minmay_arrival_open_corners, layout_loops_corners,
          chequers_ecumenical_altar_island
D:2:      layout_basic, nicolae_concentric_dashed_squares_wild, minmay_puff,
          uniq_crazy_yiuf_cottage

Action                   || total
-------------------------++-------
Melee: Unarmed           ||   116
       Punch             ||     3
Throw: Stone             ||    28
 Stab: Sleeping          ||     5
       Distracted        ||     1
Armor: Robe              ||     4
       Leather armour    ||    26
Dodge: Dodged            ||    66
